 Dungeon Crawl Stone Soup version 0.21.1-1-g345015f (webtiles) character file.

186 Inchmeat the Digger (level 5, -2/28 HPs)
             Began as a Gargoyle Earth Elementalist on May 14, 2018.
             Slain by an ogre
             ... wielding a cursed -2 giant club
              (15 damage)
             ... on level 4 of the Dungeon.
             The game lasted 00:06:06 (2055 turns).

Inchmeat the Digger (Gargoyle Earth Elementalist)   Turns: 2055, Time: 00:06:07

Health: -2/28      AC:  8    Str: 11    XL:     5   Next: 66%
Magic:  5/8        EV: 12    Int: 17    God:
Gold:   73         SH:  0    Dex: 10    Spells: 7/8 levels left

rFire    . . .     SeeInvis .   m - +1 hand axe (flame)
rCold    . . .     Gourm    .   (no shield)
rNeg     + . .     Faith    .   c - +0 robe
rPois    ∞         Spirit   .   (no helmet)
rElec    +         Reflect  .   (no cloak)
rCorr    .         Harm     .   (no gloves)
MR       .....                  g - +1 pair of boots
Stlth    ++........             (no amulet)
HPRegen  0.09/turn              (no ring)
MPRegen  0.11/turn              (no ring)

@: no status effects
A: negative energy resistance 1, electricity resistance, unbreathing,
petrification resistance, rot immunity, AC +4
a: no special abilities


You were on level 4 of the Dungeon.
You were not hungry.

You visited 1 branch of the dungeon, and saw 4 of its levels.

You collected 73 gold pieces.

Inventory:

Hand Weapons
 a - a +0 spear
 m - a +1 hand axe of flaming (weapon)
Missiles
 b - 9 stones (quivered)
Armour
 c - a +0 robe (worn)
 g - a +1 pair of boots (worn)
Scrolls
 f - 3 scrolls of remove curse {unknown}
 l - a scroll of magic mapping {unknown}
Potions
 h - a potion of haste
 i - a potion of ambrosia
 n - a potion of brilliance
Books
 e - a book of Geomancy

   Spells                             Type                      Level
   a - Sandblast                      Earth                        1
   b - Passwall                       Transmutation/Earth          2
   c - Stone Arrow                    Conjuration/Earth            3
   d - Petrify                        Transmutation/Earth          4
   e - Lee's Rapid Deconstruction     Earth                        5
Comestibles
 d - 4 rations


   Skills:
 - Level 1.5 Dodging
 - Level 2.1 Stealth
 - Level 2.0 Spellcasting
   Level 0.7 Transmutations
 + Level 7.4 Earth Magic


You had 7 spell levels left.
You knew the following spells:

 Your Spells              Type           Power        Failure   Level  Hunger
a - Sandblast             Erth           ####..       1%          1    #......


Dungeon Overview and Level Annotations

Branches:
Dungeon (4/15)
 Temple: D:4-7

Altars:
Elyvilon

Annotations:
D:3 zishaf's ghost, amateur DsGl


Innate Abilities, Weirdness & Mutations

You are resistant to torment.
Your stone body is resilient. (AC +4)
You are immune to poison.
You resist negative energy. (rN+)
You are resistant to electric shocks. (rElec)
You can survive without breathing.
You are immune to petrification.
You are immune to rotting.


Message History

Castin': Sandblast Confirm wit' . or Enter, or press ? or * ta list all spells.
Aimin': Sandblast
Press: ? - help, Shift-Dir - straight line, f/p - iguana
Aim: an iguana (severely wounded) Tha blast o' sand hits tha iguana.
Ye kill tha iguana!
b - 10 stones Tha ogre closely misses ye.
Castin': Sandblast Confirm wit' . or Enter, or press ? or * ta list all spells.
Aimin': Sandblast
Press: ? - help, Shift-Dir - straight line, f - ogre
Aim: an ogre, wieldin' a giant club Tha blast o' sand hits tha ogre.
Tha ogre be moderately wounded.
b - 9 stones Tha ogre hits ye wit' a giant club!
Ouch! Tha re'lly hurt!
Ye die...

##...............
###......#.......
###.......###.....
#........## #...#
#####....## ...#
###......# #†.##
#..##....# #...##
#####....# #O...#
##...# #@##.....
#...## ##.# #...
##...###..## ..
#....##....# .
#.......##..#
#.....### .....
#.....## #.....
#.....# ...##
#....## ..##


You could see an ogre.

Vanquished Creatures
  A jelly (D:3)
  2 orc wizards (D:3)
  An iguana (D:4)
  An adder (D:3)
  An ooze (D:3)
  3 worms
  2 leopard geckos
  11 orcs (D:3)
  3 goblins
  A hobgoblin (D:3)
  6 jackals
  A quokka (D:3)
  2 ball pythons (D:1)
  4 bats
  4 frilled lizards
  2 kobolds (D:3)
  A rat (D:1)
46 creatures vanquished.

Notes
Turn   | Place    | Note
-------+----------+-------------------------------------------
     0 | D:1      | Inchmeat the Gargoyle Earth Elementalist began the quest for the Orb.
     0 | D:1      | Reached XP level 1. HP: 10/10 MP: 3/3
    60 | D:1      | Reached skill level 4 in Earth Magic
   275 | D:1      | Reached XP level 2. HP: 15/15 MP: 5/5
   610 | D:2      | Found a white marble altar of Elyvilon.
   639 | D:2      | You fall through a shaft!
   675 | D:3      | Reached skill level 5 in Earth Magic
   675 | D:3      | Reached XP level 3. HP: 19/19 MP: 3/6
   761 | D:3      | Reached XP level 4. HP: 12/24 MP: 0/7
   995 | D:3      | Reached skill level 6 in Earth Magic
  1189 | D:3      | Reached skill level 7 in Earth Magic
  1189 | D:3      | Reached XP level 5. HP: 28/28 MP: 0/8
  1681 | D:3      | Noticed zishaf's ghost (amateur DsGl)
  2045 | D:4      | Noticed an ogre
  2055 | D:4      | Slain by an ogre

Skill      XL: |  1  2  3  4 |
---------------+-------------+-----
Earth Magic    | 4 5 7 |  7.4
Dodging        | |  1.5
Stealth        | |  2.1
Spellcasting   | |  2.0
Transmutations | |  0.7

Action                   |  1- 3 |  4- 6 || total
-------------------------+-------+-------++-------
Melee: Spear             |    26 |    10 ||    36
       Hand axe          |       |    46 ||    46
 Cast: Sandblast         |    26 |    23 ||    49
  Use: Potion            |       |     4 ||     4
       Scroll            |       |     2 ||     2
 Stab: Sleeping          |     1 |     3 ||     4
  Eat: Chunk             |       |     4 ||     4
Armor: Robe              |     5 |    21 ||    26
       Skin              |       |    29 ||    29
Dodge: Dodged            |    12 |    43 ||    55
